 Dungeon Crawl Stone Soup version 0.30-a0-322-g102857c98e (webtiles) character file.

Game seed: 10225957561682761785

71 freelancePsychic the Magician (level 4, -11/49 HPs)
             Began as a Djinni Hexslinger on Oct 27, 2022.
             Killed by an exploding orc (28 damage)
             ... ignited by their inner flame
             ... on level 3 of the Dungeon.
             The game lasted 00:02:08 (1258 turns).

freelancePsychic the Magician (Djinni Hexslinger)   Turns: 1258, Time: 00:02:09

Health: -11/49     AC: 22    Str:  9    XL:     4   Next: 47%
Gold:   57         EV:  2    Int: 17    God:
                   SH:  0    Dex: 13

rFire   . . .      SeeInvis .    a - +1 sling
rCold   . . .      Faith    .    (no shield)
rNeg    . . .      Spirit   .    (body armour currently unavailable)
rPois   ∞          Reflect  .    (helmet currently unavailable)
rElec   .          Harm     .    (cloak currently unavailable)
rCorr   .          Rampage  .    (gloves currently unavailable)
Will    .....      NoTele   +    (boots unavailable)
Stlth   +.........               (no amulet)
HPRegen 0.28/turn                (no ring)
MPRegen 0.00/turn                (no ring)

@: tree-form
A: stationary, stasis, torment immunity, boosted hp, sickness immunity, (fire
resistance 2), (cold vulnerability 1), float, innate caster, HP casting, extra
vitality 1
a: no special abilities


You were on level 3 of the Dungeon.
You were a tree.
You visited 1 branch of the dungeon, and saw 3 of its levels.

You collected 57 gold pieces.

Inventory:

Hand Weapons
 a - a +1 sling (weapon)
Armour
 c - a +0 robe (melded)
Scrolls
 b - a scroll of poison
Potions
 e - a potion of flight {unknown}


   Skills:
 + Level 2.3 Fighting
 - Level 1.5 Ranged Weapons
 - Level 2.2 Dodging
 * Level 3.4 Spellcasting


You couldn't memorise any spells.
You knew the following spells:

 Your Spells              Type           Power      Damage    Failure   Level
a - Summon Small Mammal   Summ           56%        N/A       4%          1
b - Inner Flame           Hex/Fire       14%        N/A       12%         3
c - Portal Projectile     Hex/Tloc       28%        N/A       12%         3
d - Cause Fear            Hex            7%         N/A       38%         4
e - Slow                  Hex            56%        N/A       4%          1
Your spell library was empty.

Dungeon Overview and Level Annotations

Branches:
Dungeon (3/15)

Altars:


Innate Abilities, Weirdness & Mutations

You are a tree.
Your roots penetrate the ground, keeping you stationary.
You cannot be teleported.
You are immune to unholy pain and torment.
Your maximum health is greatly increased.
Your equipment is partially melded.
You are immune to sickness and miasma.
You are immune to poison.
((Your flesh is very heat resistant. (rF++)))
((You are vulnerable to cold. (rC-)))
You float through the air rather than walking.
You learn spells naturally, not from books.
Your magical power is your life essence.
You have superior vitality. (+4 MHP)


Message History

The orc hits you but does no damage. The orc hits you with a +0 hand axe.
The dart slug bites you but does no damage.
You shoot a sling bullet. The sling bullet hits the dart slug!
The dart slug is almost dead.
The orc hits you with a +0 mace. The orc hits you but does no damage.
The dart slug launches a dart at you.
The slug dart hits you but does no damage.
The orc hits you but does no damage. The orc hits you with a +0 mace.
You shoot a sling bullet. The sling bullet hits the dart slug.
You kill the dart slug!
The orc hits you but does no damage. The orc hits you with a +0 hand axe.
Casting: Inner Flame (dangerous; 12% risk of failure)
Confirm with . or Enter, or press ? or * to list all spells.
The orc hits you but does no damage. x2
Casting: Summon Small Mammal (safe; 4% risk of failure)
Confirm with . or Enter, or press ? or * to list all spells.
Your bat hits the orc but does no damage.
The orc hits you but does no damage.
The orc hits your bat with a +0 hand axe.
The orc hits you with a +0 mace.
Your bat closely misses the orc.
Your bat hits the orc but does no damage.
The orc hits you but does no damage. x2
The orc hits your bat with a +0 hand axe.
Your bat dies!
Your bat's corpse disappears in a puff of smoke!
Your quokka closely misses the orc.
You cannot move.
You shoot a sling bullet. The sling bullet hits the orc.
The orc is heavily wounded.
The orc hits you but does no damage.
Your quokka closely misses the orc.
The orc barely misses you.
You shoot a sling bullet. The sling bullet barely misses the orc.
Your quokka bites the orc.
The orc explodes!
The fiery explosion engulfs your quokka!!!
You kill your quokka!
Your quokka's corpse disappears in a puff of smoke!
The fiery explosion engulfs you!!
Ouch! That really hurt!
You die...

#######
#.....#
#.....#
#.§§..#
#<♣)§.#
#.§o§.#
###.###§###
..........##
####.##....#
# #.........
.......####
#..#.##..#
#o... >.#


You could see an orc.

Vanquished Creatures
  An orc wizard (D:3)
  3 dart slugs
  An orc (D:3)
  3 ball pythons (D:1)
  2 endoplasms (D:1)
  4 goblins (D:1)
  3 hobgoblins (D:1)
  3 jackals (D:1)
  3 kobolds (D:1)
  A quokka (D:1)
  2 bats
  2 frilled lizards (D:1)
  2 rats (D:1)
30 creatures vanquished.

Vanquished Creatures (collateral kills)
  A dart slug (D:1)
  An orc (D:3)
  2 goblins
  A jackal (D:1)
  A kobold (D:1)
6 creatures vanquished.

Grand Total: 36 creatures vanquished

Notes
Turn   | Place    | Note
-------+----------+-------------------------------------------
     0 | D:1      | freelancePsychic the Djinni Hexslinger began the quest for
                  | the Orb.
     0 | D:1      | freelancePsychic set off with the following spells
                  | memorised: Slow, Inner Flame, Portal Projectile, Cause
                  | Fear.
     0 | D:1      | Reached XP level 1. HP: 17/17 MP: 0/0
   128 | D:1      | Reached XP level 2. HP: 22/22 MP: 0/0
   443 | D:1      | Reached XP level 3. HP: 21/27 MP: 0/0
   443 | D:1      | Learned a level 1 spell: Summon Small Mammal
   454 | D:1      | Reached skill level 3 in Spellcasting
  1251 | D:3      | Reached XP level 4. HP: 31/33 MP: 0/0
  1258 | D:3      | Killed by an exploding orc... ignited by their inner flame

Illustrated notes

Levels and vault maps discovered:
D:1:      lightli_arrival_quake, layout_basic, minmay_tetromino_i2
D:2:      layout_rooms, basic_altar, uniq_robin
D:3:      layout_loops_cross

Skill      XL: |  1  2  3 |
---------------+----------+-----
Spellcasting   | 3 |  3.4
Fighting       | 2 |  2.3
Ranged Weapons | |  1.5
Dodging        | |  2.2

Action                   |  1- 3 |  4- 6 || total
-------------------------+-------+-------++-------
Melee: Sling             |     1 |       ||     1
 Fire: Sling             |    85 |     5 ||    90
 Cast: Summon Small Mamm |    16 |     2 ||    18
       Inner Flame       |     3 |       ||     3
  Use: Potion            |     1 |       ||     1
Armor: Robe              |    11 |       ||    11
       Skin              |    14 |    12 ||    26
Dodge: Dodged            |    33 |     1 ||    34

Table legend: (Time is in decaauts)
 A = Elapsed time spent in this place.
 B = Non-inter-level travel time spent in this place.
 C = Inter-level travel time spent in this place.
 D = Time resting spent in this place.
 E = Time spent auto-exploring this place.
 F = Levels seen in this place.
 G = Mean time per level.
                   A        B        C        D        E       F      G
               +--------+--------+--------+--------+--------+-----+--------+
         Total |   1286 |   1264 |     22 |      0 |   1038 |   3 |  428.7 |
       Dungeon |   1286 |   1264 |     22 |      0 |   1038 |   3 |  428.7 |
               +--------+--------+--------+--------+--------+-----+--------+

Top non-repeatable levels by time:
     D:1: 1147 daAuts
     D:3: 92 daAuts
     D:2: 45 daAuts
